 Dungeon Crawl Stone Soup version 0.22-a0-322-g60b3cfd (webtiles) character file.

17816 4thArraOfDagon the Severer (level 12, -7/94 HPs)
             Began as a Hill Orc Conjurer on Apr 4, 2018.
             Was a High Priest of Fedhas.
             Mangled by a shock serpent (shapeshifter) (10 damage)
             ... on level 13 of the Dungeon on Apr 5, 2018.
             The game lasted 00:39:17 (10072 turns).

4thArraOfDagon the Severer (Hill Orc Conjurer)     Turns: 10072, Time: 00:39:17

Health: -7/94      AC: 10    Str: 12    XL:     12   Next: 52%
Magic:  0/18       EV: 11    Int: 19    God:    Fedhas [*****.]
Gold:   466        SH:  0    Dex: 11    Spells: 12/14 levels left

rFire    . . .     SeeInvis .   s - +2 battleaxe (venom)
rCold    . . .     Gourm    .   (shield currently unavailable)
rNeg     . . .     Faith    .   J - +2 troll leather armour
rPois    .         Spirit   +   f - +1 helmet
rElec    .         Reflect  .   e - scarf {Spirit}
rCorr    .         Harm     .   (no gloves)
MR       .....                  b - +0 pair of boots (curse)
Stlth    +.........             h - amulet of magic regeneration
HPRegen  0.65/turn              (no ring)
MPRegen  0.41/turn              (no ring)

@: studying Summonings, drained
A: no striking features
a: Fungal Bloom, Evolution, Sunlight, Growth, Reproduction, Rain, Renounce
Religion


You were on level 13 of the Dungeon.
You worshipped Fedhas.
Fedhas was extremely pleased with you.
You were not hungry.

You visited 1 branch of the dungeon, and saw 14 of its levels.
You also visited: Ossuary and Bailey.

You collected 726 gold pieces.
You spent 260 gold pieces at shops.

Inventory:

Hand Weapons
 d - a +0 whip
 m - a +0 hand axe
 r - a +0 war axe
 s - a +2 battleaxe of venom (weapon)
Missiles
 u - a throwing net (quivered)
Armour
 b - a cursed +0 pair of boots (worn)
 e - a scarf of spirit shield (worn)
 f - a +1 helmet (worn)
 D - a cursed +0 large shield
 J - a +2 troll leather armour (worn)
Magical Staves
 l - an uncursed staff of earth
 E - an uncursed staff of poison
Jewellery
 h - an amulet of magic regeneration (around neck)
Wands
 k - a wand of random effects (29)
 n - a wand of flame (4)
 B - a wand of acid (3)
Scrolls
 j - 3 scrolls of amnesia
 o - 6 scrolls of magic mapping
 p - a scroll of teleportation
 t - a scroll of summoning {unknown}
 v - 4 scrolls of immolation
 y - 2 scrolls of noise
 z - a scroll of acquirement
 I - a scroll of torment {unknown}
Potions
 i - 2 potions of agility
 q - a potion of might
 w - 3 potions of flight
 A - a potion of lignification
 G - 6 potions of mutation {unknown}
 H - a potion of cancellation
Books
 x - a manual of Summonings
Miscellaneous
 a - a lamp of fire (inert)
Comestibles
 c - 5 rations


   Skills:
 + Level 5.6(4.8) Fighting
 - Level 20.3(19.2) Axes
 - Level 7.1(6.3) Armour
 - Level 1.5(0.8) Dodging
 - Level 1.5(0.8) Stealth
 - Level 1.5(0.8) Spellcasting
 - Level 4.0(3.2) Conjurations
 - Level 8.1(7.3) Invocations


You had 12 spell levels left.
You knew the following spells:

 Your Spells              Type           Power        Failure   Level  Hunger
a - Magic Dart            Conj           ##..         6%          1    ##.....
b - Apportation           Tloc           #.....       24%         1    ##.....


Dungeon Overview and Level Annotations

Branches:
Dungeon (14/15)            Temple (0/1) D:4
   Lair: D:8-11         Orc: D:9-12      Vaults: D:13-14

Altars:
Ashenzari
Cheibriados
Elyvilon
Fedhas
Hepliaklqana
Makhleb
Qazlal
Sif Muna
Uskayaw
Vehumet

Shops:
D:11 *?=

Annotations:
D:3 1 runed door
D:4 whitenoisemaker's ghost, amateur TrMo
D:12 Frances; Harold; Rupert


Message History

Aim: a shock serpent (heavily wounded, covered in acid)
The bolt of acid hits the shock serpent.
The shock serpent is splashed with acid.
The acid corrodes the shock serpent!
The shock serpent is almost dead.
The shock serpent's electric aura discharges, shocking you!
The shock serpent bites you! The shock serpent shocks you!
* * * LOW HITPOINT WARNING * * *
The shock serpent bites you!
* * * LOW HITPOINT WARNING * * *
The shock serpent shocks you!
* * * LOW HITPOINT WARNING * * *
Evoke which item? (* to show all) (? for menu, Esc to quit)
Aiming: Corrosive Bolt
Press: ? - help, Shift-Dir - straight line, f/p - shock serpent
Aim: a shock serpent (almost dead, covered in acid)
The bolt of acid misses the shock serpent.
The shock serpent bites you!
You die...
Fedhas appreciates your contribution to the ecosystem.

#############.#
############...........(P#
.#...........###########P# #####
.............###########.# #...#
..)P...(...............#.# #.#.#
...)########.......###.#.# #.#.#
...)...............#...#.# #.#.#
...#[###.....#######.###.###.#.#
####[..#.###.#..@S.....#.....#.#
.......#.# #.#.#...#.#.#######.#
####.###.# #.#...#.#.#.........#
.[..[....# #.###.#...###########
##..#.######[# #.#####
..).......[..###.#######
..........[)..).......>#
###......###.###'#####.#
#.##.#.###......# #.#


You could see a shock serpent.

Vanquished Creatures
  A two-headed ogre (D:8)
  The ghost of CollectiveS the Summoner, a journeyman MfSu of Sif Muna (D:11)
  3 unseen horrors
  Pikel (D:5)
  An ugly thing (D:13)
  3 manticores
  2 cyclopes
  5 deep elf magi (Bailey)
  A freezing wraith (D:13)
  A troll (D:11)
  A hippogriff (D:8)
  A wraith (D:13)
  The ghost of p0werm0de the Sneak, an amateur FeCK of Cheibriados (D:5)
  3 yaks (D:10)
  2 wyverns
  A fire elemental (D:13)
  Eustachio (D:3)
  A hungry ghost (D:6)
  2 vampire mosquitoes (D:13)
  Menkaure (D:5)
  3 wargs (D:8)
  2 slaves (D:6)
  3 sky beasts
  A black bear (D:11)
  3 orc warriors
  3 ogres
  7 centaurs
  A big kobold (D:11)
  8 bullfrogs
  A wyvern zombie (D:10)
  A water moccasin zombie (D:11)
  6 scorpions
  5 killer bees
  2 wights (D:13)
  2 howler monkeys (D:9)
  2 crimson imps
  2 bullfrog zombies
  2 centaur zombies
  A quasit (D:9)
  6 hounds
  A jelly (D:11)
  7 orc priests
  8 orc wizards
  2 iguanas
  A bullfrog skeleton (D:7)
  A centaur skeleton (D:11)
  Ijyb (D:3)
  5 worker ants
  A big kobold zombie (Ossuary)
  The ghost of p0werm0de the Scratcher, a weakling FeCK of Xom (D:3)
  A hound skeleton (D:10)
  4 mummies (Ossuary)
  A howler monkey zombie (D:8)
  Robin (D:2)
  12 adders
  A shadow imp (D:7)
  An ooze (D:3)
  2 worms
  2 dart slugs
  7 leopard geckos
  30 orcs
  7 giant cockroaches
  A gnoll zombie (Ossuary)
  9 hobgoblins
  7 jackals
  2 quokkas
  2 ball pythons
  10 bats
  7 frilled lizards
  25 goblins
  A goblin zombie (Ossuary)
  A hobgoblin zombie (Ossuary)
  A jackal zombie (D:4)
  13 kobolds
  2 kobold zombies (Ossuary)
  2 leopard gecko skeletons
  A leopard gecko zombie (D:5)
  An orc zombie (Ossuary)
  10 rats
286 creatures vanquished.

Vanquished Creatures (collateral kills)
  A catoblepas (D:13)
  A death knight (D:13)
  A deep elf knight (Bailey)
  Nergalle (D:13)
  2 skeletal warriors (D:13)
  4 deep elf magi (Bailey)
  A hornet (D:13)
  A wraith (D:13)
  A hungry ghost (D:13)
  2 wights (D:13)
  An orc wizard (D:13)
16 creatures vanquished.

Vanquished Creatures (others)
  An orc (D:9)
  2 kobolds (D:12)
  A bush (D:14)
  196 toadstools
200 creatures vanquished.

Grand Total: 502 creatures vanquished

Notes
Turn   | Place    | Note
-------+----------+-------------------------------------------
     0 | D:1      | 4thArraOfDagon the Hill Orc Conjurer began the quest for the Orb.
     0 | D:1      | Reached XP level 1. HP: 14/14 MP: 3/3
    64 | D:1      | Reached skill level 1 in Fighting
   122 | D:1      | Reached XP level 2. HP: 19/24 MP: 1/4
   301 | D:3      | Noticed p0werm0de's ghost (weakling FeCK)
   315 | D:3      | Found a runed door.
   471 | D:3      | Reached XP level 3. HP: 29/31 MP: 5/5
   626 | D:4      | Noticed an orc warrior
   677 | D:5      | Entered Level 5 of the Dungeon
   749 | D:4      | Noticed Eustachio
   808 | D:5      | Noticed p0werm0de's ghost (amateur FeCK)
   864 | D:5      | Found a deep blue altar of Sif Muna.
   867 | D:5      | Noticed a scorpion
   870 | D:5      | Found a white marble altar of Elyvilon.
   941 | D:5      | Noticed Menkaure
  1080 | D:6      | Reached skill level 1 in Axes
  1339 | D:7      | Reached skill level 2 in Axes
  1339 | D:7      | Reached XP level 4. HP: 20/38 MP: 3/6
  1482 | D:7      | Reached skill level 3 in Axes
  1523 | D:7      | Reached skill level 4 in Axes
  1848 | D:7      | Noticed a bullfrog
  1866 | D:7      | Killed a bullfrog
  1866 | D:7      | Reached skill level 5 in Axes
  1866 | D:7      | Reached XP level 5. HP: 24/45 MP: 5/7
  2103 | D:6      | Identified a scroll of acquirement
  2132 | D:6      | Noticed a phantom
  2194 | D:7      | Reached skill level 6 in Axes
  2194 | D:7      | Reached XP level 6. HP: 50/51 MP: 8/8
  2218 | D:7      | Reached skill level 7 in Axes
  2505 | D:6      | Found a blossoming altar of Fedhas.
  2516 | D:6      | Became a worshipper of Fedhas Madash
  2524 | D:6      | Reached skill level 8 in Axes
  2603 | D:6      | Reached XP level 7. HP: 54/57 MP: 9/9
  2655 | D:6      | Noticed Pikel
  2780 | D:5      | Killed Pikel
  2780 | D:5      | Reached skill level 10 in Axes
  2780 | D:5      | Reached XP level 8. HP: 30/63 MP: 7/10
  2790 | D:5      | Killed p0werm0de's ghost
  2790 | D:5      | Reached skill level 11 in Axes
  2904 | D:4      | Noticed whitenoisemaker's ghost (amateur TrMo)
  3016 | D:3      | Killed Eustachio
  3022 | D:3      | Noticed Ijyb
  3032 | D:3      | Killed Ijyb
  3032 | D:3      | Reached skill level 12 in Axes
  3082 | D:2      | Reached * piety under Fedhas
  3097 | D:2      | Found a burning altar of Makhleb.
  3111 | D:2      | Noticed Robin
  3128 | D:2      | Killed Robin
  3651 | D:2      | Reached ** piety under Fedhas
  4097 | D:3      | Found a burning altar of Makhleb.
  4160 | D:3      | Killed p0werm0de's ghost
  4160 | D:3      | Reached skill level 1 in Invocations
  4383 | D:3      | Reached skill level 1 in Armour
  4562 | D:4      | Found a staircase to the Ecumenical Temple.
  4682 | D:5      | Found a hazy altar of Hepliaklqana.
  4826 | D:5      | Killed Menkaure
  4826 | D:5      | Reached XP level 9. HP: 44/70 MP: 7/11
  4955 | D:6      | Paralysed by fainting for 6 turns
  4976 | D:6      | Reached skill level 13 in Axes
  5565 | D:8      | Reached *** piety under Fedhas
  5713 | D:8      | Reached skill level 14 in Axes
  5725 | D:8      | Reached skill level 5 in Invocations
  5865 | D:8      | Noticed a two-headed ogre
  5880 | D:8      | Killed a two-headed ogre
  5880 | D:8      | Reached skill level 5 in Armour
  5880 | D:8      | Reached XP level 10. HP: 70/77 MP: 12/14
  5925 | D:8      | Found a sand-covered staircase.
  5929 | Ossuary  | Entered an ossuary
  6378 | D:9      | Reached skill level 15 in Axes
  6482 | D:9      | Found a flagged portal.
  6490 | Bailey   | Entered a bailey
  6496 | Bailey   | Noticed a deep elf mage
  6507 | Bailey   | Killed a deep elf mage
  6621 | Bailey   | Noticed a deep elf mage
  6623 | Bailey   | Noticed a deep elf mage
  6639 | Bailey   | Killed a deep elf mage
  6647 | Bailey   | Killed a deep elf mage
  6674 | Bailey   | Noticed a deep elf mage
  6685 | Bailey   | Killed a deep elf mage
  6828 | Bailey   | Noticed a deep elf mage
  6839 | Bailey   | Killed a deep elf mage
  6839 | Bailey   | Reached skill level 16 in Axes
  6843 | Bailey   | crap
  6850 | Bailey   | Noticed a deep elf mage
  6867 | Bailey   | Killed a deep elf mage
  6867 | Bailey   | Reached XP level 11. HP: 82/82 MP: 17/17
  6894 | Bailey   | Noticed a deep elf knight
  6915 | Bailey   | Killed a deep elf knight
  6942 | Bailey   | Noticed a deep elf mage
  6949 | Bailey   | Killed a deep elf mage
  6959 | Bailey   | Noticed a deep elf mage
  6998 | Bailey   | Killed a deep elf mage
  7021 | Bailey   | Noticed a deep elf mage
  7031 | Bailey   | Killed a deep elf mage
  7132 | D:9      | Found a hide-covered altar of Uskayaw.
  7152 | D:9      | Reached **** piety under Fedhas
  7182 | D:9      | Found a stormy altar of Qazlal.
  7185 | D:9      | Found a radiant altar of Vehumet.
  7187 | D:9      | Found a shattered altar of Ashenzari.
  7313 | D:10     | Entered Level 10 of the Dungeon
  7476 | D:10     | Reached skill level 17 in Axes
  7781 | D:11     | Found Ugoum's Demolitions Depot.
  7834 | D:11     | Found Xithrynlu's Magic Scroll Emporium.
  7839 | D:11     | Bought a scroll of magic mapping for 52 gold pieces
  7839 | D:11     | Bought a scroll of magic mapping for 52 gold pieces
  7839 | D:11     | Bought a scroll of magic mapping for 52 gold pieces
  7839 | D:11     | Bought a scroll of magic mapping for 52 gold pieces
  7839 | D:11     | Bought a scroll of magic mapping for 52 gold pieces
  7979 | D:11     | Noticed CollectiveS's ghost (journeyman MfSu)
  8018 | D:11     | Killed CollectiveS's ghost
  8028 | D:11     | Found a snail-covered altar of Cheibriados.
  8058 | D:11     | Found Edissomo's Jewellery Boutique.
  8085 | D:11     | Killed an unseen horror
  8085 | D:11     | Reached skill level 18 in Axes
  8110 | D:11     | Noticed a manticore
  8158 | D:11     | Noticed a cyclops
  8188 | D:11     | Killed a cyclops
  8229 | D:11     | Learned a level 1 spell: Apportation
  8379 | D:12     | Noticed a deep elf mage
  8426 | D:12     | Noticed Nergalle
  8426 | D:12     | Noticed Rupert
  8428 | D:12     | Noticed Frances
  8434 | D:12     | Noticed Harold
  8434 | D:12     | Noticed a white ugly thing
  8434 | D:12     | Noticed a cyan ugly thing
  8435 | D:12     | Noticed a six-headed hydra
  8435 | D:12     | Noticed a red ugly thing
  8437 | D:12     | Noticed a wizard
  8437 | D:12     | Noticed a two-headed ogre
  8443 | D:12     | Noticed a cyclops
  8443 | D:12     | Noticed a shock serpent
  8479 | D:13     | Noticed a death knight
  8481 | D:13     | Noticed a skeletal warrior
  8522 | D:13     | Noticed a skeletal warrior
  8607 | D:13     | Noticed a cyclops
  8647 | D:13     | Killed a cyclops
  8725 | D:13     | Noticed a manticore
  8728 | D:13     | Killed a manticore
  8728 | D:13     | Reached skill level 19 in Axes
  8748 | D:13     | Noticed a manticore
  8756 | D:13     | Killed a manticore
  8869 | D:13     | Killed an unseen horror
  8869 | D:13     | Reached XP level 12. HP: 66/89 MP: 15/18
  9122 | D:13     | Reached ***** piety under Fedhas
  9365 | D:13     | Killed a death knight
  9365 | D:13     | Reached skill level 20 in Axes
  9424 | D:13     | Noticed a catoblepas
  9430 | D:13     | Killed a catoblepas
  9894 | D:13     | Killed Nergalle
  9894 | D:13     | Reached skill level 5 in Fighting
 10071 | D:13     | HP: 2/94 [shock serpent (shapeshifter) (8)]
 10072 | D:13     | Mangled by a shock serpent (shapeshifter)

Vault maps used:
D:1:      nicolae_arrival_memento_mori, minmay_pentomino_u4
D:2:      lemuel_doored_altar, minmay_strange_pillars, uniq_robin
D:3:      makhleb_blood_cavern_becter, uniq_ijyb, uniq_crazy_yiuf_cottage
D:4:      temple_hall, first_ration, uniq_eustachio
D:5:      overflow_temple_1_default, overflow_temple_1_default, basic_altar,
          uniq_menkaure
D:6:      nicolae_overflow_crystal_walls, minmay_stone_trees_medium, uniq_pikel
D:8:      erik_lair_orcish_takeover, enter_ossuary_5
D:9:      lemuel_crystal_altar, grunt_temple_overflow_open, enter_bailey_3,
          grunt_livestock
D:10:     erik_orc_1
D:11:     basic_altar, serial_shops, shop, shop, kennysheep_mini,
          nicolae_blasting_shop
D:12:     minmay_the_grid_four_pointed_star_mashed, uniq_nergalle, uniq_frances,
          uniq_rupert, uniq_harold, uniq_azrael
D:14:     david_vaults_5, elyvilon_altar_1
Ossuary:  ossuary_crypta
Bailey:   bailey_polearm_3, bailey

Skill      XL: |  1  2  3  4  5  6  7  8  9 10 11 12 |
---------------+-------------------------------------+-----
Fighting       | 1 3 5 |  5.6
Axes           | 2 5 6 8 10 12 14 16 19 20 | 20.3
Invocations    | 2 6 8 |  8.1
Armour         | 2 5 6 7 |  7.1
Dodging        | |  1.5
Stealth        | |  1.5
Spellcasting   | |  1.5
Conjurations   | |  4.0

Action                   |  1- 3 |  4- 6 |  7- 9 | 10-12 || total
-------------------------+-------+-------+-------+-------++-------
Melee: Whip              |   133 |    40 |       |       ||   173
       Battleaxe         |       |    36 |   393 |   461 ||   890
       War axe           |       |     8 |       |       ||     8
Throw: Throwing net      |       |       |     1 |       ||     1
 Cast: Magic Dart        |     7 |       |       |       ||     7
Invok: Fungal Bloom      |       |     1 |    32 |    31 ||    64
       Growth            |       |       |       |     2 ||     2
       Evolution         |       |       |       |     2 ||     2
Evoke: Wand              |       |    10 |    33 |    11 ||    54
       Lamp of fire      |       |       |       |     1 ||     1
  Use: Scroll            |     7 |     4 |     7 |    15 ||    33
       Potion            |       |     2 |     3 |    11 ||    16
 Stab: Confused          |       |     3 |       |       ||     3
       Invisible         |       |       |       |     3 ||     3
  Eat: Ration            |     1 |     1 |     1 |     3 ||     6
       Chunk             |       |     1 |    10 |     8 ||    19
Armor: Ring mail         |    50 |    37 |   165 |    60 ||   312
       Skin              |       |       |       |    25 ||    25
       Troll leather arm |       |       |       |   125 ||   125
Dodge: Dodged            |    91 |    51 |   225 |   213 ||   580

Table legend:
 A = Spawn XP
 B = Non-spawn XP
 C = Spawn XP percentage of total XP
 D = Spawn monster count
 E = Non-spawn monster count
 F = Spawn count percentage of total count
 G = Total turns spent on level
                    A         B        C        D         E        F      G
               +---------+---------+-------+---------+---------+-------+---------
         Total |       0 |   25452 |   0.0 |       0 |     300 |   0.0 | 10072
               +---------+---------+-------+---------+---------+-------+---------
           D:1 |       0 |      33 |   0.0 |       0 |      22 |   0.0 |   627
           D:2 |       0 |     155 |   0.0 |       0 |      46 |   0.0 |   517
           D:3 |       0 |     350 |   0.0 |       0 |      30 |   0.0 |   855
           D:4 |       0 |     176 |   0.0 |       0 |      10 |   0.0 |   395
           D:5 |       0 |    1121 |   0.0 |       0 |      11 |   0.0 |  1048
           D:6 |       0 |     376 |   0.0 |       0 |       9 |   0.0 |   915
           D:7 |       0 |     722 |   0.0 |       0 |      17 |   0.0 |  1149
           D:8 |       0 |    2530 |   0.0 |       0 |      26 |   0.0 |   575
           D:9 |       0 |    1034 |   0.0 |       0 |      25 |   0.0 |   409
          D:10 |       0 |     878 |   0.0 |       0 |       8 |   0.0 |   382
          D:11 |       0 |    4333 |   0.0 |       0 |      34 |   0.0 |   715
          D:12 |       0 |     504 |   0.0 |       0 |       2 |   0.0 |    85
          D:13 |       0 |    8595 |   0.0 |       0 |      37 |   0.0 |  1532
          D:14 |       0 |      72 |   0.0 |       0 |       1 |   0.0 |    45
       Ossuary |       0 |     150 |   0.0 |       0 |      12 |   0.0 |   190
        Bailey |       0 |    4423 |   0.0 |       0 |      10 |   0.0 |   633
               +---------+---------+-------+---------+---------+-------+---------
